 Dungeon Crawl Stone Soup version 0.24.0 (webtiles) character file.

Game seed: 9861400403086943503, levelgen mode: deterministic

3619 Buxparty the Sneak (level 10, -5/73 HPs)
             Began as a Gnoll Enchanter on May 3, 2020.
             Was a Believer of Dithmenos.
             Slain by an unseen horror (12 damage)
             ... on level 8 of the Dungeon.
             The game lasted 00:27:35 (6543 turns).

Buxparty the Sneak (Gnoll Enchanter)                Turns: 6543, Time: 00:27:36

Health: -5/73      AC:  5    Str: 10    XL:     10   Next: 11%
Magic:  19/20      EV: 16    Int: 22    God:    Dithmenos [**....]
Gold:   168        SH:  0    Dex: 15    Spells: 17/23 levels left

rFire    . . .     SeeInvis .   a - +3 dagger (flame)
rCold    . . .     Gourm    .   (no shield)
rNeg     + . .     Faith    .   A - +0 robe
rPois    .         Spirit   .   u - +1 helmet
rElec    .         Reflect  .   (no cloak)
rCorr    .         Harm     .   v - +0 pair of gloves
MR       .....                  (no boots)
Stlth    +++++.....             (no amulet)
HPRegen  0.22/turn              m - ring of positive energy
MPRegen  0.17/turn              E - +3 ring of slaying

@: wreathed by umbra
A: distributed training, fangs 1, strong nose
a: Shadow Step, Renounce Religion


You were on level 8 of the Dungeon.
You worshipped Dithmenos.
Dithmenos was pleased with you.
You were not hungry.

You visited 1 branch of the dungeon, and saw 8 of its levels.

You collected 258 gold pieces.
You spent 90 gold pieces at shops.

Inventory:

Hand Weapons
 a - a +3 dagger of flaming (weapon)
 b - the +7 quarterstaff of Ajuatoj {crush, rElec}
   (You found it on level 7 of the Dungeon)

   It inflicts extra damage upon your enemies.
   It insulates you from electricity.
 e - the +7 great mace "Firestarter" {inner flame, rF++}
   (You found it on level 7 of the Dungeon)

   It has been specially enchanted to burn those struck by it, causing extra
   injury to most foes and up to half again as much damage against particularly
   susceptible opponents.
   It greatly protects you from fire.
 l - a +1 dagger
Missiles
 t - 14 poisoned darts (quivered)
 y - 5 javelins
 D - 24 sling bullets
Armour
 u - a +1 helmet (worn)
 v - a +0 pair of gloves (worn)
 A - a +0 robe (worn)
Magical Staves
 z - an uncursed staff of cold
Jewellery
 m - a ring of positive energy (left hand)
 E - a +3 ring of slaying (right hand)
Wands
 o - a wand of flame (28)
Scrolls
 c - 11 scrolls of identify
 f - 3 scrolls of enchant weapon
 j - a scroll of amnesia
 k - a scroll of remove curse
 n - a scroll of fear
 r - a scroll of enchant armour
 x - a scroll of fog
Potions
 g - a potion of lignification {unknown}
 i - a potion of resistance
 p - 3 potions of might
 s - 3 potions of heal wounds
 w - 3 potions of flight
Comestibles
 d - 8 rations


   Skills:
 + Level 4.9 Fighting
 + Level 5.6 Short Blades
 + Level 4.9 Long Blades
 + Level 4.9 Axes
 + Level 4.9 Maces & Flails
 + Level 4.9 Polearms
 + Level 4.9 Staves
 + Level 4.9 Slings
 + Level 4.9 Bows
 + Level 4.9 Crossbows
 + Level 4.9 Throwing
 + Level 4.9 Armour
 + Level 6.7 Dodging
 + Level 7.8 Stealth
 + Level 4.9 Shields
 + Level 4.9 Unarmed Combat
 + Level 7.1 Spellcasting
 + Level 4.0 Conjurations
 + Level 6.9 Hexes
 + Level 4.0 Charms
 + Level 4.0 Summonings
 + Level 4.0 Necromancy
 + Level 4.0 Translocations
 + Level 4.0 Transmutations
 + Level 4.0 Fire Magic
 + Level 4.0 Ice Magic
 + Level 4.0 Air Magic
 + Level 4.0 Earth Magic
 + Level 4.0 Poison Magic
 + Level 5.3 Invocations
 + Level 4.9 Evocations


You had 17 spell levels left.
You knew the following spells:

 Your Spells              Type           Power        Failure   Level  Hunger
a - Corona                Hex            #####..      1%          1    None
b - Ensorcelled Hibernat  Hex/Ice        ####..       1%          2    None
c - Confuse               Hex            #####...     1%          3    None

Your spell library contained the following spells:

 Spells                   Type           Power        Failure   Level  Hunger
 Magic Dart               Conj           ####         1%          1    None
 Slow                     Hex            #####...     1%          2    None
 Tukima's Dance           Hex            #####...     1%          3    None
 Blink                    Tloc           N/A          2%          2    None
 Call Imp                 Summ           ####....     2%          2    None
 Dazzling Spray           Conj/Hex       ####..       2%          3    None
 Inner Flame              Hex/Fire       ####....     2%          3    None
 Portal Projectile        Hex/Tloc       ####..       2%          3    None
 Conjure Flame            Conj/Fire      ####....     4%          3    None
 Mephitic Cloud           Conj/Pois/Air  ####....     4%          3    None
 Cause Fear               Hex            #####.....   4%          4    ###....
 Leda's Liquefaction      Hex/Erth       ####......   9%          4    ###....


Dungeon Overview and Level Annotations

Branches:
Dungeon (8/15)             Temple (0/1) D:5
   Lair: D:8-11

Altars:
Dithmenos
Kikubaaqudgha
Trog
Vehumet
Xom
Zin

Shops:
D:7 !


Innate Abilities, Weirdness & Mutations

Your experience applies equally to all skills.
You have very sharp teeth.
Your uncanny sense of smell can sniff out nearby items.


Message History

Confirm with . or Enter, or press ? or * to list all spells.
Aiming: Confuse (safe; 1% risk of failure)
Press: ? - help, Shift-Dir - straight line Nothing appears to happen.
Something closely misses you. Something hits you. Something hits you.
You hit something but do no damage. Something barely misses you.
Something hits you. Something hits you but does no damage.
Something hits you but does no damage. Something hits you.
You hit something. You burn something. You bite something. Something hits you.
You barely miss something. Something hits you!
You barely miss something. Something hits you! x2
* * * LOW HITPOINT WARNING * * *
Something hits you but does no damage. Something hits you!
* * * LOW HITPOINT WARNING * * *
Something hits you!
You die...

#..........#
#..........#
#..........#
#.........#
#.<.......#
#.........#
#........##
# #.......##
. #...@...#
. #......##
#. #.....##
#. #.....#
#. #....##
#. ##..## #.
#..# #.
##..## ##.
#....# ##..


There were no monsters in sight!

Vanquished Creatures
  A centaur skeleton (D:7)
  Grinder (D:6)
  2 hippogriffs (D:7)
  A water moccasin (D:8)
  Duvessa (D:7)
  An ice beast (D:5)
  An orc warrior (D:7)
  A sky beast (D:7)
  3 black bears
  A necrophage (D:8)
  A centaur (D:6)
  5 bullfrogs
  2 scorpions
  Dowan (D:7)
  4 killer bees
  A howler monkey (D:4)
  8 wights
  2 crimson imps
  A bullfrog zombie (D:6)
  3 orc priests
  A jelly (D:7)
  5 hounds
  3 orc wizards
  9 worker ants
  A hound zombie (D:5)
  2 worker ant zombies
  3 adders
  A shadow imp (D:6)
  An ooze (D:4)
  A worm (D:3)
  2 dart slugs
  2 leopard geckos
  27 orcs
  3 giant cockroaches
  7 goblins
  7 hobgoblins
  4 jackals
  A quokka (D:2)
  5 bats
  5 frilled lizards
  5 kobolds
  A leopard gecko skeleton (D:8)
  3 quokka skeletons
  8 rats
148 creatures vanquished.

Notes
Turn   | Place    | Note
-------+----------+-------------------------------------------
     0 | D:1      | Buxparty the Gnoll Enchanter began the quest for the Orb.
     0 | D:1      | Reached XP level 1. HP: 13/13 MP: 6/6
    47 | D:1      | Reached XP level 2. HP: 17/19 MP: 7/7
    51 | D:1      | Learned a level 2 spell: Ensorcelled Hibernation
   652 | D:2      | Reached XP level 3. HP: 25/25 MP: 9/9
   766 | D:2      | Reached skill level 5 in Spellcasting
   986 | D:2      | Reached skill level 1 in Invocations
  1164 | D:3      | Found a shimmering altar of Xom.
  1181 | D:3      | Reached skill level 1 in Fighting
  1181 | D:3      | Reached skill level 1 in Long Blades
  1181 | D:3      | Reached skill level 1 in Axes
  1181 | D:3      | Reached skill level 1 in Maces & Flails
  1181 | D:3      | Reached skill level 1 in Polearms
  1181 | D:3      | Reached skill level 1 in Staves
  1181 | D:3      | Reached skill level 1 in Slings
  1181 | D:3      | Reached skill level 1 in Bows
  1181 | D:3      | Reached skill level 1 in Crossbows
  1181 | D:3      | Reached skill level 1 in Throwing
  1181 | D:3      | Reached skill level 1 in Armour
  1181 | D:3      | Reached skill level 1 in Shields
  1181 | D:3      | Reached skill level 1 in Unarmed Combat
  1181 | D:3      | Reached skill level 1 in Evocations
  1188 | D:3      | Reached XP level 4. HP: 20/32 MP: 1/11
  1544 | D:3      | Found an ancient bone altar of Kikubaaqudgha.
  1641 | D:3      | Found a radiant altar of Vehumet.
  2003 | D:3      | Found a shadowy altar of Dithmenos.
  2008 | D:3      | Became a worshipper of Dithmenos the Shadowed
  2133 | D:3      | Found a glowing silver altar of Zin.
  2205 | D:4      | Reached skill level 1 in Conjurations
  2205 | D:4      | Reached skill level 1 in Charms
  2205 | D:4      | Reached skill level 1 in Summonings
  2205 | D:4      | Reached skill level 1 in Necromancy
  2205 | D:4      | Reached skill level 1 in Translocations
  2205 | D:4      | Reached skill level 1 in Transmutations
  2205 | D:4      | Reached skill level 1 in Fire Magic
  2205 | D:4      | Reached skill level 1 in Ice Magic
  2205 | D:4      | Reached skill level 1 in Air Magic
  2205 | D:4      | Reached skill level 1 in Earth Magic
  2205 | D:4      | Reached skill level 1 in Poison Magic
  2205 | D:4      | Reached XP level 5. HP: 37/37 MP: 7/12
  2355 | D:3      | Learned a level 3 spell: Confuse
  2704 | D:4      | Reached XP level 6. HP: 44/44 MP: 13/13
  2932 | D:4      | Reached skill level 5 in Dodging
  3032 | D:5      | Entered Level 5 of the Dungeon
  3272 | D:5      | Noticed an ice beast
  3280 | D:5      | Reached XP level 7. HP: 50/50 MP: 12/15
  3467 | D:5      | Reached * piety under Dithmenos
  3590 | D:5      | Found a staircase to the Ecumenical Temple.
  3753 | D:6      | Noticed Grinder
  3785 | D:6      | Paralysed by Grinder for 2 turns
  3790 | D:6      | Killed Grinder
  3790 | D:6      | Reached XP level 8. HP: 23/57 MP: 6/16
  4083 | D:6      | Found a bloodstained altar of Trog.
  4914 | D:7      | Noticed a hippogriff
  4920 | D:7      | Killed a hippogriff
  4930 | D:6      | Reached XP level 9. HP: 65/65 MP: 15/18
  5093 | D:7      | Found Vattiul's Distillery.
  5097 | D:7      | Reached ** piety under Dithmenos
  5236 | D:7      | Reached skill level 5 in Short Blades
  5414 | D:7      | Got a brightly glowing quarterstaff
  5415 | D:7      | Identified the +7 quarterstaff of Ajuatoj {crush, rElec}
                  | (You found it on level 7 of the Dungeon)
  5419 | D:7      | Bought a potion of heal wounds for 75 gold pieces
  5419 | D:7      | Bought a potion of degeneration for 15 gold pieces
  5530 | D:7      | Found the +7 great mace "Firestarter" {inner flame, rF++}
  5753 | D:7      | Noticed Dowan
  5759 | D:7      | Noticed Duvessa
  5761 | D:7      | Killed Dowan
  5783 | D:7      | Killed Duvessa
  5783 | D:7      | Reached skill level 5 in Invocations
  6233 | D:8      | Reached XP level 10. HP: 73/73 MP: 17/20
  6543 | D:8      | Slain by an unseen horror

Levels and vault maps discovered:
D:1:      dpeg_arrival_shrine, layout_rooms
D:2:      layout_rooms
D:3:      layout_basic, vehumet_crystals, overflow_temple_1_default,
          old_standard_altar, zin_treasury,
          nicolae_dithmenos_through_a_glass_darkly
D:4:      layout_basic
D:5:      layout_rooms, minmay_temple_entry_glass, first_ration
D:6:      layout_basic, trog_ov_bears_minmay, st_stairs_9, uniq_grinder
D:7:      layout_cave_pools, serial_shops, shop, uniq_duvessa
D:8:      layout_cave_pods, gammafunk_temple_overflow_pools,
          yredelemnul_altar_generic
